Map: [ESL] Site Delta

Players

Spirit (souL)

  • Race: Terran Terran
  • League: Master
  • Spawn Location: 11:00

HeroMarine - Winner!

  • Race: Terran Terran
  • Spawn Location: 5:00

Event: IEM Katowice 2024

VOD

Have the link to the VOD?

Description

Time

  • Played on: Dec. 8, 2023, 1:23 p.m.
  • Length: 13:11

All games in this series

Show
View Real Time Build Order
Export as new Build Order

Spirit Terran 

Build Orders: Cyclone Opening 

Get SALT Encoding   

  12  0:01  SCV  
  13  0:13  SCV  
  14  0:17  Supply Depot  
  14  0:25  SCV  
  15  0:39  SCV  
  15  0:40  Barracks  
  16  0:44  Refinery  
  16  0:51  SCV  
  16  0:54  Refinery  
  17  1:03  SCV  
  18  1:15  SCV  
  19  1:27  Orbital Command, Reaper  
  19  1:30  Supply Depot  
  20  1:44  Factory  
  20  1:53  SCV  
  21  1:59  Reaper  
  22  2:05  SCV  
  23  2:18  SCV  
  23  2:21  Command Center  
  26  2:30  Cyclone, SCV  
  26  2:32  Barracks Reactor  
  27  2:42  SCV  
  28  2:46  Supply Depot  
  28  2:54  SCV, Starport  
  29  3:06  SCV  
  29  3:11  Cyclone  
  34  3:12  Cyclone  
  34  3:18  SCV  
  35  3:20  Refinery  
  35  3:22  Barracks Tech Lab  
  35  3:30  SCV  
  35  3:33  Orbital Command  
  36  3:42  SCV  
  36  3:44  Raven  
  39  3:50  Cyclone  
  39  3:54  SCV  
  42  3:56  Cyclone  
  42  3:57  Supply Depot  
  42  4:00  SCV  
  45  4:03  Interference Matrix  
  45  4:06  SCV  
  46  4:12  SCV  
  46  4:14  Supply Depot  
  47  4:19  SCV  
  47  4:22  Cyclone  
  48  4:24  SCV  
  48  4:26  Raven  
  48  4:31  SCV  
  52  4:32  Cyclone  
  52  4:36  Supply Depot, SCV  
  55  4:43  SCV  
  56  4:49  Command Center  
  56  4:50  SCV  
  57  4:55  Cyclone, SCV  
  57  4:59  Supply Depot  
  60  5:02  Raven  
  60  5:03  SCV  
  63  5:07  SCV  
  64  5:14  Cyclone  
  64  5:15  SCV  
  64  5:19  SCV  
  68  5:22  Barracks Tech Lab  
  68  5:27  SCV  
  68  5:28  Refinery  
  69  5:29  Cyclone  
  69  5:31  SCV  
  71  5:37  Raven  
  71  5:39  SCV  
  72  5:43  SCV  
  72  5:46  Cyclone  
  75  5:52  SCV  
  75  5:53  Stimpack  
  75  5:55  Barracks, SCV  
  77  5:57  Barracks  
  77  6:04  SCV  
  78  6:07  SCV  
  77  6:16  SCV  
  78  6:20  SCV  
  78  6:24  Starport Reactor  
  79  6:28  SCV  
  79  6:31  Barracks, Siege Tank  
  79  6:32  Orbital Command, SCV  
  84  6:33  Barracks  
  84  6:37  Engineering Bay  
  84  6:38  Engineering Bay  
  84  6:40  SCV  
  84  6:44  SCV  
  84  6:45  Barracks Reactor  
  86  6:50  Marine  
  86  6:52  SCV  
  88  6:56  SCV  
  88  6:58  Marine x2  
  91  7:01  SCV  
  91  7:03  Siege Tank  
  91  7:04  Terran Infantry Weapons Level 1, SCV  
  91  7:05  Terran Infantry Armor Level 1  
  91  7:08  SCV, Marine  
  97  7:16  SCV, Marine x2  
  97  7:20  Sensor Tower  
  97  7:22  Supply Depot  
  99  7:24  Barracks Reactor x2, Supply Depot  
  99  7:25  Marine  
  99  7:27  SCV  
  99  7:28  SCV x2  
  103  7:30  Marine x2  
  103  7:33  Combat Shield  
  103  7:34  Marine  
  103  7:35  Siege Tank  
  103  7:36  Supply Depot  
  109  7:43  Medivac, Marine  
  109  7:44  Marine, SCV x2, Refinery  
  114  7:47  Marine, SCV, Supply Depot  
  117  7:52  Supply Depot  
  117  7:53  Marine  
  117  7:54  Marine, Refinery  
  117  7:55  Supply Depot  
  117  7:56  SCV  
  120  7:59  Armory  
  120  8:01  Marine  
  120  8:02  Marine, SCV  
  120  8:03  SCV  
  120  8:04  Marine x3  
  127  8:06  Medivac  
  127  8:08  Marine  
  127  8:10  Marine x2  
  127  8:12  Marine  
  133  8:17  Medivac  
  133  8:19  Marine  
  136  8:20  Marine  
  136  8:22  Marine x2  
  139  8:27  Marine  
  139  8:28  Marine  
  130  8:36  Marine  
  130  8:37  Marine x3  
  130  8:40  Marine  
  117  8:41  Siege Tank  
  117  8:42  Marine x2  
  117  8:44  Liberator, Marine  
  117  8:46  Marine  
  117  8:47  Liberator  
  130  8:54  Marine  
  130  8:55  SCV, Marine x3  
  132  8:56  SCV x2  
  132  8:57  Marine  
  132  9:00  Marine  
  139  9:04  Marine  
  139  9:05  Marine  
  139  9:08  SCV x3  
  144  9:13  Siege Tank  
  144  9:14  Marine  
  144  9:16  Command Center  
  148  9:18  Marine  
  149  9:27  Marine, Supply Depot  
  149  9:28  Supply Depot, SCV x3, Medivac  
  149  9:29  Marine  
  156  9:31  Marine  
  157  9:42  Terran Infantry Weapons Level 2, Terran Infantry Armor Level 2  
  157  9:44  Supply Depot x2  
  157  9:49  SCV x2, Marine x5  
  157  9:50  Marine  
  165  9:57  Siege Tank, Marine x3  
  165  9:58  Missile Turret  
  171  10:00  Missile Turret  
  171  10:06  Marine x3  
  173  10:10  Marine  
  174  10:15  Marine  
  174  10:16  Marine  
  174  10:19  Marine  
  174  10:20  Marine  
  166  10:21  Marine  
  166  10:24  Marine x3  
  166  10:28  Marine  
  163  10:29  Siege Tank  
  163  10:33  Marine  
  163  10:34  Marine  
  138  10:37  Marine  
  138  10:38  Marine  
  138  10:39  Marine  
  138  10:42  Marine x3  
  132  10:46  Marine  
  134  10:50  Marine  
  134  10:52  Marine  
  134  10:55  Marine  
  134  10:56  Marine  
  134  10:57  Marine  
  124  11:00  Marine x3  
  124  11:01  Siege Tank  
  124  11:03  Marine  
  125  11:08  Marine  
  125  11:10  Marine  
  126  11:13  Marine  
  126  11:14  Marine x2  
  126  11:18  Marine x3  
  130  11:21  Marine  
  101  11:26  Marine  
  101  11:28  Marine  
  101  11:31  Marine  
  101  11:32  Marine x2  
  105  11:35  Marine x2  
  105  11:36  Marine  
  105  11:39  Medivac, Marine  
  112  11:42  Medivac  
  112  11:44  Marine  
  115  11:48  Marine  
  115  11:50  Marine  
  115  11:55  Marine  
  115  11:56  Marine  
  115  11:59  Marine  
  115  12:00  Marine x2  
  102  12:09  Medivac  
  102  12:11  Marine x4  
  102  12:14  Marine  
  95  12:16  Marine  
  95  12:18  Marine  
  97  12:23  Marine  
  97  12:25  Marine  
  97  12:28  Marine  
  97  12:29  Marine  
  95  12:32  Siege Tank  
  95  12:34  Marine  
  99  12:38  Marine  
  100  12:46  Marine  
  100  12:47  Marine  
Show
View Real Time Build Order
Export as new Build Order

HeroMarine Terran - Winner!

Build Orders: Cyclone Opening 

Get SALT Encoding   

  12  0:00  SCV  
  13  0:12  SCV  
  14  0:16  Supply Depot  
  14  0:24  SCV  
  15  0:38  SCV  
  15  0:40  Barracks  
  15  0:42  Refinery  
  16  0:50  SCV  
  16  0:52  Refinery  
  17  1:02  SCV  
  18  1:14  SCV  
  19  1:27  Orbital Command, Reaper  
  19  1:31  Supply Depot  
  20  1:42  Factory  
  20  1:52  SCV  
  21  1:59  Reaper  
  22  2:04  SCV  
  23  2:16  SCV  
  23  2:20  Command Center  
  24  2:26  Cyclone  
  24  2:29  SCV  
  27  2:33  Barracks Reactor  
  27  2:38  Supply Depot  
  27  2:41  SCV  
  28  2:49  Starport  
  28  2:53  SCV  
  29  3:05  SCV  
  30  3:12  Cyclone x2  
  34  3:17  SCV, Refinery  
  35  3:24  Medivac  
  37  3:29  SCV  
  37  3:32  Orbital Command  
  38  3:41  SCV  
  38  3:44  Cyclone  
  38  3:46  Cyclone  
  43  3:51  Supply Depot  
  43  3:54  SCV  
  44  3:55  Starport Tech Lab  
  44  3:58  SCV  
  45  4:06  SCV  
  46  4:10  SCV  
  46  4:14  Raven, Interference Matrix  
  49  4:19  SCV  
  49  4:22  SCV  
  49  4:28  Cyclone x2  
  53  4:31  SCV  
  53  4:34  SCV  
  55  4:42  Command Center  
  55  4:44  Barracks Tech Lab, Supply Depot  
  55  4:45  SCV  
  56  4:47  SCV  
  56  4:49  Raven  
  59  4:57  SCV  
  59  4:59  SCV  
  61  5:06  Cyclone x2  
  65  5:09  Supply Depot, SCV  
  65  5:11  Stimpack, SCV  
  65  5:12  Marine  
  67  5:21  SCV  
  67  5:23  SCV  
  67  5:27  Supply Depot  
  69  5:29  Refinery  
  69  5:31  Raven  
  69  5:34  SCV  
  69  5:35  SCV  
  73  5:41  Cyclone x2  
  77  5:42  Marine  
  77  5:48  Engineering Bay  
  77  5:49  Engineering Bay  
  78  5:51  Barracks, SCV x2  
  78  5:54  Barracks  
  78  5:56  Orbital Command  
  80  6:00  Marine  
  80  6:03  SCV x2  
  85  6:15  Barracks, SCV  
  85  6:16  Barracks  
  85  6:18  Marine  
  84  6:23  Starport Reactor  
  84  6:24  Terran Infantry Weapons Level 1, Terran Infantry Armor Level 1  
  85  6:27  Siege Tank  
  85  6:28  SCV  
  85  6:29  Orbital Command, SCV  
  85  6:31  Supply Depot  
  85  6:32  SCV  
  91  6:36  Marine  
  92  6:40  Barracks Reactor  
  92  6:41  Missile Turret x2  
  92  6:44  Supply Depot, SCV x2  
  94  6:48  Orbital Command  
  94  6:54  Marine  
  94  6:56  Combat Shield, SCV x2  
  94  6:59  Siege Tank  
  94  7:00  Medivac x2  
  104  7:04  Supply Depot  
  104  7:05  Barracks Reactor, Supply Depot  
  104  7:08  SCV x2  
  105  7:09  Barracks Reactor, Marine x2  
  105  7:11  Marine  
  105  7:15  SCV  
  109  7:19  Supply Depot  
  109  7:20  Marine, SCV x2  
  109  7:21  Marine  
  113  7:27  Marine x2, SCV  
  113  7:29  Marine  
  117  7:31  Siege Tank  
  117  7:32  Supply Depot, SCV x2  
  117  7:34  Refinery x2  
  122  7:38  Marine x2  
  122  7:40  SCV  
  122  7:42  Supply Depot  
  125  7:44  SCV x2, Marine x3  
  125  7:45  Marine x2  
  125  7:47  Armory  
  132  7:52  Sensor Tower, Marine  
  132  7:54  Marine  
  132  7:56  Marine x2  
  136  7:58  Medivac  
  136  7:59  Medivac  
  136  8:01  Supply Depot  
  136  8:02  Marine  
  136  8:04  Marine, Supply Depot  
  136  8:05  Marine x2  
  144  8:06  Marine  
  144  8:10  Marine  
  144  8:12  Marine  
  147  8:13  Siege Tank  
  147  8:14  Marine x2  
  152  8:20  Marine  
  152  8:22  Marine  
  153  8:31  SCV x3  
  154  8:37  Marine x2  
  154  8:39  Marine  
  154  8:41  Marine x6  
  136  8:42  Medivac x2  
  136  8:43  Terran Infantry Weapons Level 2  
  136  8:45  Siege Tank  
  136  8:47  Terran Infantry Armor Level 2  
  140  8:55  Terran Vehicle Weapons Level 1, Marine x2  
  142  8:57  Marine  
  142  9:01  Command Center, Marine x2  
  142  9:02  Marine x4  
  143  9:12  Marine  
  143  9:13  Marine  
  143  9:15  Marine  
  146  9:17  Siege Tank  
  146  9:19  Factory, Marine x2  
  146  9:20  Marine x3  
  146  9:22  Medivac  
  156  9:26  Medivac  
  156  9:30  Marine x2  
  160  9:32  Barracks Reactor, Marine  
  160  9:37  Marine  
  162  9:38  Marine x2  
  162  9:39  Supply Depot, Marine  
  162  9:40  Marine, Supply Depot  
  166  9:48  Marine  
  166  9:49  Siege Tank  
  166  9:51  Marine x2  
  172  9:54  Supply Depot  
  172  9:55  Marine  
  172  9:58  Barracks  
  172  9:59  Barracks  
  173  10:00  Barracks  
  173  10:10  Marine x2  
  173  10:13  Marine x2  
  177  10:16  Marine x3  
  167  10:21  Siege Tank  
  167  10:25  Viking x2, Siege Tank  
  149  10:31  Marine x2  
  149  10:34  Marine x3  
  141  10:36  Marine x2  
  142  10:48  Marine x2  
  143  10:52  Marine x2  
  143  10:53  Marine x2  
  143  10:54  Orbital Command  
  143  10:56  Marine x2  
  131  11:05  SCV x2  
  131  11:08  Viking  
  131  11:09  Viking  
  137  11:17  SCV x2  
  139  11:18  Marine x2  
  139  11:23  SCV  
  132  11:29  SCV x2  
  134  11:35  Siege Tank  
  134  11:36  Siege Tank  
  141  11:46  Marine x2  
  142  11:49  Marine  
  142  11:50  Marine x5  
  142  11:51  Refinery x2  
  143  12:00  Marine  
  143  12:01  Marine  
  137  12:04  Marine x2  
  137  12:07  Siege Tank, Marine x2  
  137  12:08  Siege Tank  
  142  12:14  Marine x2  
  142  12:17  Marine x2  
  142  12:22  Marine x2  
  145  12:24  Marine  
  145  12:25  Marine x3  
  145  12:27  Marine  
  145  12:28  Marine x2  
  152  12:31  Marine  
  152  12:32  Marine  
  152  12:34  Marine x2  
  157  12:40  Marine x2  
  157  12:42  Marine x2  
  157  12:43  Marine x2  
  166  12:45  Marine  
  166  12:46  Command Center  
  166  12:49  Marine  
  166  12:51  Marine x3  
  158  12:52  Marine x2  

Tags
 
Add a new tag
Caveats
  • Supply blocks, unpowered buildings, or Contaminate may cause inaccurate times.
  • Supply counts are checked every 10 seconds.